 Dungeon Crawl Stone Soup version 0.24.0-13-gcf9b3192b9 (webtiles) character file.

Game seed: 11324939688568891404, levelgen mode: deterministic

14128 Masnef the Dealer of Despair (level 11, -4/95 HPs)
             Began as a Grey Draconian Enchanter on Nov 7, 2019.
             Was an Elder of Kikubaaqudgha.
             Slain by a freezing wraith (15 damage)
             ... in an ice cave.
             The game lasted 00:59:43 (18036 turns).

Masnef the Dealer of Despair (DrEn)                Turns: 18036, Time: 00:59:44

Health: -4/95      AC: 14    Str: 11    XL:     11   Next: 84%
Magic:  23/27      EV: 15    Int: 18    God:    Kikubaaqudgha [****..]
Gold:   494        SH:  4    Dex: 12    Spells: 3/20 levels left

rFire    + . .     SeeInvis .   u - +3 dagger (pain)
rCold    + + .     Gourm    .   (no shield)
rNeg     . . .     Faith    .   (armour unavailable)
rPois    +         Spirit   .   (helmet restricted)
rElec    +         Reflect  +   v - +0 cloak
rCorr    +         Harm     .   q - +0 pair of gloves
MR       .....                  (no boots)
Stlth    +++.......             j - +4 amulet of reflection
HPRegen  1.25/turn              w - ring of magical power
MPRegen  0.20/turn              g - ring of protection from cold

@: confusing touch, resistant, regenerating, slowed, very slow
A: walk through water, unfitting armour, unbreathing, cold-blooded, AC +12
a: Receive Corpses, Renounce Religion


You were in an ice cave.
You worshipped Kikubaaqudgha.
Kikubaaqudgha was greatly pleased with you.
You were not hungry.

You visited 2 branches of the dungeon, and saw 13 of its levels.
You also visited: Ice Cave.

You collected 494 gold pieces.

Inventory:

Hand Weapons
 a - a +1 dagger
 p - a +4 short sword of holy wrath
 u - a +3 dagger of pain (weapon)
 B - a +2 whip of electrocution
Armour
 q - a +0 pair of gloves (worn)
 v - a +0 cloak (worn)
Jewellery
 g - a ring of protection from cold (right hand)
 j - a +4 amulet of reflection (around neck)
 s - an uncursed ring of resist corrosion
 w - a ring of magical power (left hand)
Wands
 i - a wand of random effects (10)
Scrolls
 b - 2 scrolls of teleportation
 d - 4 scrolls of remove curse
 f - 3 scrolls of identify
 l - a scroll of amnesia {unknown}
 m - a scroll of immolation {unknown}
 r - a scroll of fog {unknown}
 x - a scroll of random uselessness {unknown}
 y - a scroll of enchant armour {unknown}
 D - a scroll of magic mapping
Potions
 e - 3 potions of curing
 h - 2 potions of lignification {unknown}
 k - 2 potions of haste
 n - 3 potions of brilliance
 o - a potion of degeneration {unknown}
 t - a potion of invisibility
 z - a potion of resistance
 C - a potion of heal wounds
Miscellaneous
 E - a box of beasts
Comestibles
 c - 15 rations


   Skills:
 * Level 8.4 Fighting
 + Level 8.4 Short Blades
 + Level 6.7 Dodging
 * Level 7.1 Stealth
 - Level 5.1 Spellcasting
 - Level 1.0 Conjurations
 - Level 5.0 Hexes
 - Level 1.2 Charms
 * Level 9.3 Necromancy
 - Level 1.0 Ice Magic
 * Level 2.9 Evocations


You had 3 spell levels left.
You knew the following spells:

 Your Spells              Type           Power        Failure   Level  Hunger
a - Confusing Touch       Hex            ###...       1%          1    None
b - Ensorcelled Hibernat  Hex/Ice        ###...       6%          2    #......
c - Confuse               Hex            ###.....     4%          3    ##.....
d - Dazzling Spray        Conj/Hex       ###...       12%         3    ##.....
e - Regeneration          Chrm/Necr      ###.......   4%          3    ##.....
f - Corona                Hex            ###....      1%          1    None
q - Animate Dead          Necr           N/A          2%          4    ####...

Your spell library contained the following spells:

 Spells                   Type           Power        Failure   Level  Hunger
 Animate Skeleton         Necr           N/A          1%          1    None
 Pain                     Necr           ####         1%          1    None
 Sublimation of Blood     Necr           #####.....   1%          2    #......
 Tukima's Dance           Hex            ###.....     4%          3    ##.....
 Gell's Gravitas          Tloc           #.........   36%         3    ##.....
 Dispel Undead            Necr           #####...     8%          5    ######.
 Bolt of Draining         Conj/Necr      ###.......   38%         5    ######.
 Excruciating Wounds      Chrm/Necr      ###.......   38%         5    ######.
 Death Channel            Necr           #####.....   38%         6    #######
 Metabolic Englaciation   Hex/Ice        ###.......   71%         5    ######.
 Petrify                  Tmut/Erth      #.......     78%         4    ####...
 Yara's Violent Unravell  Hex/Tmut       ##........   78%         5    ######.


Dungeon Overview and Level Annotations

Branches:
Dungeon (12/15)            Temple (1/1) D:4            Lair (0/6) D:9
    Orc (0/2) D:9           IceCv (1/1)

Altars:
Ashenzari
Elyvilon
Gozag
Hepliaklqana
Kikubaaqudgha
Makhleb
Nemelex Xobeh
Okawaru
Ru
Sif Muna
Trog
Uskayaw
Vehumet
Wu Jian
Xom
Yredelemnul

Shops:
D:6 (   D:8 %%   D:10 [

Annotations:
D:3 ogre
D:6 3 runed translucent doors, alive's ghost, amateur KoIE
D:7 3 runed translucent doors, Syrinius's ghost, novice DrSk


Innate Abilities, Weirdness & Mutations

You can walk through water.
Your dull iron-grey scales are very hard. (AC +12)
You cannot fit into any form of body armour.
You can survive without breathing.
You are cold-blooded and may be slowed by cold attacks.


Message History

Your hands begin to glow red.
The freezing wraith seems less confused.
The freezing wraith hits you but does no damage.
The freezing wraith hits you! x2; The freezing wraith freezes you!
You resist. The freezing wraith hits you.
The freezing wraith drains your vigour!
You feel as though you will be slow longer.
The freezing wraith hits you! The freezing wraith freezes you. You resist.
The freezing wraith hits you. The freezing wraith drains your vigour!
You feel as though you will be slow longer.
You feel protected. The freezing wraith hits you.
The freezing wraith freezes you. You resist.
* * * LOW HITPOINT WARNING * * *
You block the freezing wraith's attack. x2
The freezing wraith barely misses you. The freezing wraith hits you!
* * * LOW HITPOINT WARNING * * *
The freezing wraith freezes you. You resist.
* * * LOW HITPOINT WARNING * * *
The freezing wraith hits you!
You die...
Kikubaaqudgha rasps: "You have failed me!
Welcome... death!"

#...............##
#...#
##........###ZZ..##
###..# ####...###
###Z..# ##....#
##### ##..#
##....##
#...###...###
##..###...##
##..###...##
##..###...##
#....@W.###
##...W### ######


You could see 2 freezing wraiths.

Vanquished Creatures
  Erolcha (D:9)
  2 two-headed ogres
  An unseen horror (D:11)
  Pikel (D:7)
  A manticore (D:11)
  Joseph (D:8)
  A gargoyle (D:11)
  2 freezing wraiths (IceCv)
  A troll (D:10)
  2 hornets
  2 hippogriffs (D:8)
  10 yaks
  A wyvern (D:11)
  2 hungry ghosts
  3 wargs (D:9)
  Duvessa (D:7)
  2 slaves (D:7)
  10 ice beasts
  4 orc warriors
  A sky beast (D:6)
  2 black bears
  3 phantoms
  3 ogres
  2 centaurs
  3 big kobolds
  4 bullfrogs
  A gnoll sergeant (D:10)
  Dowan (D:7)
  4 scorpions
  12 killer bees
  14 wights
  3 howler monkeys
  A centaur zombie (D:10)
  6 crimson imps
  5 hounds
  A bullfrog skeleton (D:6)
  6 orc wizards
  Crazy Yiuf (D:4)
  4 jellies
  12 orc priests
  A centaur skeleton (D:9)
  Natasha (thrice) (D:2)
  5 iguanas
  A polar bear simulacrum (IceCv)
  6 worker ants
  A hound skeleton (D:11)
  2 worker ant zombies
  Robin (D:2)
  7 gnolls
  9 adders
  4 shadow imps
  3 white imps (IceCv)
  An ooze (D:6)
  An adder zombie (D:5)
  3 worms
  An adder skeleton (D:8)
  3 dart slugs
  9 leopard geckos
  32 orcs
  2 ball pythons
  10 bats
  4 giant cockroaches
  9 goblins
  10 hobgoblins
  10 jackals
  6 quokkas
  A ball python zombie (D:6)
  7 frilled lizards
  16 kobolds
  2 quokka zombies
  10 rats
  A rat zombie (D:7)
  A fungus (D:4)
319 creatures vanquished.

Vanquished Creatures (collateral kills)
  An ugly thing (D:11)
  2 death yak simulacra (IceCv)
  4 ice beasts
  A polar bear simulacrum (IceCv)
  2 white imps (IceCv)
  2 orcs (D:11)
12 creatures vanquished.

Vanquished Creatures (others)
  A jelly (D:7)
  2 orcs (D:7)
  A kobold (D:5)
  2 plants
6 creatures vanquished.

Grand Total: 337 creatures vanquished

Notes
Turn   | Place    | Note
-------+----------+-------------------------------------------
     0 | D:1      | Masnef the Draconian Enchanter began the quest for the Orb.
     0 | D:1      | Reached XP level 1. HP: 14/14 MP: 3/3
   119 | D:1      | Reached XP level 2. HP: 12/20 MP: 5/5
   600 | D:1      | Learned a level 2 spell: Ensorcelled Hibernation
   943 | D:2      | Noticed Natasha
  1044 | D:2      | Killed Natasha
  1044 | D:2      | Reached XP level 3. HP: 6/26 MP: 0/6
  1220 | D:2      | Noticed Natasha
  1348 | D:2      | Found a shimmering altar of Xom.
  1546 | D:2      | Noticed Robin
  2350 | D:1      | Reached XP level 4. HP: 16/33 MP: 1/7
  2506 | D:1      | Learned a level 3 spell: Confuse
  2559 | D:2      | Killed Natasha
  2764 | D:2      | Noticed Natasha
  2865 | D:2      | Killed Natasha
  3279 | D:2      | Killed Robin
  3279 | D:2      | Reached XP level 5. HP: 38/38 MP: 3/8
  4643 | D:4      | Found a staircase to the Ecumenical Temple.
  4650 | D:4      | You fall into a shaft and drop 3 floors!
  4672 | D:6      | Noticed a phantom
  4688 | D:6      | Reached XP level 6. HP: 12/45 MP: 9/9
  4713 | D:6      | Found Hozodd's Weapon Shoppe.
  4912 | D:5      | Entered Level 5 of the Dungeon
  5413 | Temple   | Entered the Ecumenical Temple
  5421 | Temple   | Became a worshipper of Kikubaaqudgha
  5667 | D:5      | Reached skill level 5 in Short Blades
  6073 | D:5      | Reached skill level 1 in Necromancy
  6073 | D:5      | Your scales start taking on a dull iron-grey colour.
  6073 | D:5      | Reached XP level 7. HP: 51/51 MP: 6/10
  6073 | D:5      | Gained mutation: You can survive without breathing. [Grey
                  | Draconian growth]
  6132 | D:5      | Reached skill level 1 in Fighting
  6757 | D:4      | Found a sparkling altar of Nemelex Xobeh.
  6759 | D:4      | Found a bloodstained altar of Trog.
  6761 | D:4      | Found a basalt altar of Yredelemnul.
  6788 | D:4      | Reached skill level 5 in Hexes
  6788 | D:4      | Reached skill level 2 in Necromancy
  7408 | D:4      | Found a runed translucent door.
  7409 | D:4      | Noticed Crazy Yiuf
  7422 | D:4      | Killed Crazy Yiuf
  7779 | D:6      | Found a runed translucent gate.
  7780 | D:6      | Found a runed translucent gate.
  7780 | D:6      | Found a runed translucent gate.
  7782 | D:6      | Noticed alive's ghost (amateur KoIE)
  8270 | D:7      | Noticed Duvessa
  8270 | D:7      | Noticed Dowan
  8828 | D:6      | Reached XP level 8. HP: 61/61 MP: 5/12
  8892 | D:6      | Reached skill level 3 in Necromancy
  9074 | D:6      | Learned a level 3 spell: Dazzling Spray
  9149 | D:6      | Reached * piety under Kikubaaqudgha
  9149 | D:6      | Identified Kikubaaqudgha's Compendium of Black Secrets
                  | (Kikubaaqudgha gifted it to you on level 6 of the Dungeon)
  9149 | D:6      | Received a gift from Kikubaaqudgha
  9155 | D:6      | Learned a level 3 spell: Regeneration
  9335 | D:6      | Reached skill level 1 in Conjurations
  9379 | D:6      | Reached skill level 1 in Ice Magic
  9388 | D:6      | Found a shimmering blue altar of Sif Muna.
  9476 | D:6      | Reached skill level 1 in Charms
  9771 | D:7      | Noticed Pikel
  9796 | D:7      | Killed Pikel
  9796 | D:7      | Reached skill level 4 in Necromancy
  9796 | D:7      | Reached XP level 9. HP: 57/70 MP: 9/15
  9848 | D:7      | Found a runed translucent gate.
  9848 | D:7      | Found a runed translucent gate.
  9848 | D:7      | Found a runed translucent gate.
  9848 | D:7      | Found an opulent altar of Gozag.
  9949 | D:7      | Paralysed by a hornet for 2 turns
  9955 | D:7      | Paralysed by a hornet for 2 turns
  9964 | D:7      | HP: 5/105 [poisoned by a hornet]
  9967 | D:7      | HP: 2/71 [poisoned by a hornet]
 10291 | D:7      | Reached skill level 5 in Necromancy
 10356 | D:7      | Killed Duvessa
 10577 | D:7      | Reached ** piety under Kikubaaqudgha
 10631 | D:7      | Killed Dowan
 11006 | D:7      | Noticed Syrinius's ghost (novice DrSk)
 11006 | D:7      | Noticed a cyclops
 11160 | D:8      | Found Geon's Food Boutique.
 11299 | D:8      | Noticed Joseph
 11323 | D:8      | Reached skill level 6 in Necromancy
 11336 | D:8      | Reached skill level 5 in Dodging
 11656 | D:8      | Found Cin Ept's Food Emporium.
 11712 | D:8      | Found an iron altar of Okawaru.
 11765 | D:8      | Killed Joseph
 11765 | D:8      | Reached skill level 5 in Fighting
 11983 | D:8      | Reached XP level 10. HP: 74/81 MP: 4/16
 12332 | D:9      | Reached skill level 7 in Necromancy
 12618 | D:9      | Noticed a two-headed ogre
 12636 | D:9      | Killed a two-headed ogre
 12636 | D:9      | Reached skill level 5 in Spellcasting
 12914 | D:9      | Noticed a two-headed ogre
 13287 | D:8      | Killed a two-headed ogre
 13304 | D:9      | Reached skill level 5 in Stealth
 13665 | D:9      | Found a staircase to the Lair.
 13691 | D:9      | Reached skill level 8 in Necromancy
 13748 | D:9      | Noticed Erolcha
 13757 | D:9      | Killed Erolcha
 13757 | D:9      | Reached XP level 11. HP: 91/91 MP: 18/18
 13911 | D:9      | Reached *** piety under Kikubaaqudgha
 13911 | D:9      | Identified Kikubaaqudgha's Catalogue of Unholy Magic
                  | (Kikubaaqudgha gifted it to you on level 9 of the Dungeon)
 13911 | D:9      | Received a gift from Kikubaaqudgha
 14278 | D:9      | Found a staircase to the Orcish Mines.
 14336 | D:10     | Entered Level 10 of the Dungeon
 14336 | D:10     | Found Huor's Antique Armour Emporium.
 14378 | D:10     | Learned a level 1 spell: Confusing Touch
 14784 | D:10     | Learned a level 4 spell: Animate Dead
 15531 | D:11     | Reached **** piety under Kikubaaqudgha
 16000 | D:11     | Noticed a red ugly thing
 16344 | D:11     | Killed a red ugly thing
 16601 | D:11     | Noticed an unseen horror
 16958 | D:11     | Killed an unseen horror
 16958 | D:11     | Reached skill level 9 in Necromancy
 16958 | D:11     | Reached skill level 1 in Evocations
 17308 | D:12     | Noticed a two-headed ogre
 17450 | D:12     | Found a frozen archway.
 17550 | IceCv    | Entered an ice cave
 18036 | IceCv    | Slain by a freezing wraith

Levels and vault maps discovered:
D:1:      saegor_arrival_simple_e, layout_rooms
D:2:      layout_basic, serial_bayou_ford_a, st_stairs_8,
          chequers_serial_rivers_small_3, nrook_campfire, corner_web_ring,
          xom_teletrap_fun, uniq_robin, uniq_natasha
D:3:      layout_rooms, first_ration
D:4:      layout_loops_cross, grunt_temple_overflow_open,
          minmay_temple_entry_from_below_a, serial_co_window_serial,
          co_window_paths_b, co_window_of_opportunity_a, co_window_paths_a,
          co_window_paths_a, co_window_paths_b, co_window_2corner,
          co_window_2corner, co_window_unsneaky_path_b, glass_columns_b,
          glass_columns_a, glass_columns_a, glass_columns_a, glass_columns_a,
          minmay_misc_feat_ornament, minmay_bisected, uniq_crazy_yiuf_cottage
D:5:      layout_basic, lexackson_kobold_supper
D:6:      layout_basic, overflow_temple_1_default, serial_shops,
          kennysheep_mini_moat, gammafunk_ghost_necromancy
D:7:      layout_cave_pools, ebering_ghost_gozag, enter_ossuary_4, uniq_pikel,
          uniq_duvessa
D:8:      layout_cave_pools, serial_shops,
          nicolae_shop_temple_entry_statues_fountains, shop,
          okawaru_metal_pillars_1_2, uniq_joseph
D:9:      layout_layer_cave, erik_lair_orcish_takeover, orc_0_dummy,
          uniq_erolcha
D:10:     layout_basic, serial_shops, nicolae_shop_stone, minivault_16
D:11:     minmay_cornered_nines, layout_loops_ring
D:12:     layout_gridville, portal_ice_cave_entry_ice_beasts, nooodl_orcs_dogs
Temple:   eino_narrow_crystal_temple
IceCv:    ice_cave_small_necro

Skill      XL: |  1  2  3  4  5  6  7  8  9 10 11 |
---------------+----------------------------------+-----
Short Blades   | 2 3 4 5 6 7 8 |  8.4
Hexes          | 3 4 5 |  5.0
Dodging        | 2 3 4 5 6 |  6.7
Necromancy     | 1 2 4 6 8 9 |  9.3
Fighting       | 2 3 5 6 8 |  8.4
Stealth        | 3 4 5 7 |  7.1
Spellcasting   | 3 4 5 |  5.1
Conjurations   | 1 |  1.0
Ice Magic      | 1 |  1.0
Charms         | 1 |  1.2
Evocations     | 2 |  2.9

Action                   |  1- 3 |  4- 6 |  7- 9 | 10-12 || total
-------------------------+-------+-------+-------+-------++-------
Melee: Dagger            |   122 |   262 |   383 |   532 ||  1299
       Tailslap          |    11 |    26 |    46 |    82 ||   165
       Mace              |       |     3 |    11 |       ||    14
       Short sword       |       |       |    13 |    76 ||    89
 Cast: Corona            |     8 |     1 |     1 |     1 ||    11
       Ensorcelled Hiber |    15 |    41 |    40 |    30 ||   126
       Confuse           |       |    12 |    40 |    39 ||    91
       Dazzling Spray    |       |       |     9 |    23 ||    32
       Regeneration      |       |       |     5 |    18 ||    23
       Confusing Touch   |       |       |       |    62 ||    62
       Animate Dead      |       |       |       |     8 ||     8
Invok: Receive Corpses   |       |       |       |     5 ||     5
Evoke: Wand              |       |       |     9 |     4 ||    13
  Use: Potion            |     1 |     1 |     7 |     2 ||    11
       Scroll            |       |     7 |     5 |     2 ||    14
 Stab: Sleeping          |     9 |    28 |    24 |    19 ||    80
       Confused          |       |     5 |    10 |    45 ||    60
       Distracted        |       |       |       |     1 ||     1
       Invisible         |       |       |       |     2 ||     2
  Eat: Chunk             |     2 |    11 |    14 |    20 ||    47
       Ration            |     1 |     2 |     3 |     3 ||     9
Armor: Skin              |    48 |    49 |   114 |   149 ||   360
Dodge: Dodged            |    92 |   115 |   224 |   243 ||   674
Block: Other             |       |    40 |    73 |    73 ||   186
       Reflection        |       |     2 |     1 |     5 ||     8
